 Dungeon Crawl Stone Soup version 0.23.0 (webtiles) character file.

Game seed: 5017842852606874759

71 Ivernyr the Changer (level 4, -7/22 HPs)
             Began as a Vine Stalker Transmuter on Feb 19, 2019.
             Mangled by Grinder (10 damage)
             ... on level 3 of the Dungeon.
             The game lasted 00:07:21 (2046 turns).

Ivernyr the Changer (Vine Stalker Transmuter)       Turns: 2046, Time: 00:07:21

Health: -7/22      AC:  4    Str: 13    XL:     4   Next: 24%
Magic:  0/9        EV:  9    Int: 14    God:
Gold:   174        SH:  0    Dex: 14    Spells: 2/8 levels left

rFire    . . .     SeeInvis .     - Unarmed
rCold    . . .     Gourm    .   (no shield)
rNeg     + . .     Faith    .   b - +0 robe
rPois    .         Spirit   +   (no helmet)
rElec    .         Reflect  .   (no cloak)
rCorr    .         Harm     .   f - +1 pair of gloves
MR       .....                  (no boots)
Stlth    +.........             (no amulet)
HPRegen  0.47/turn              j - -3 ring of evasion (curse)
MPRegen  0.11/turn              l - ring of positive energy

@: no status effects
A: fangs 2, regeneration 1, magic shield, antimagic bite, no potion heal 3, rot
immunity
a: no special abilities


You were on level 3 of the Dungeon.
You were not hungry.

You visited 1 branch of the dungeon, and saw 3 of its levels.

You collected 174 gold pieces.

Inventory:

Missiles
 a - 12 arrows
Armour
 b - a +0 robe (worn)
 f - a +1 pair of gloves (worn)
Jewellery
 j - a cursed -3 ring of evasion (left hand)
 l - a ring of positive energy (right hand)
Scrolls
 c - 2 scrolls of amnesia {unknown}
 g - a scroll of enchant armour {unknown}
 k - a scroll of fear {unknown}
 n - a scroll of immolation {unknown}
 o - a scroll of teleportation {unknown}
 q - a scroll of remove curse {unknown}
Potions
 e - a potion of heal wounds {unknown}
 h - a potion of brilliance {unknown}
 i - 2 potions of might {unknown}
 m - a potion of invisibility {unknown}
 p - a potion of curing {unknown}
 r - a potion of berserk rage {unknown}
Comestibles
 d - 4 rations


   Skills:
 - Level 1.3 Fighting
 + Level 2.1 Dodging
 + Level 3.1 Unarmed Combat
 + Level 2.7 Spellcasting
 * Level 3.2 Transmutations


You had 2 spell levels left.
You knew the following spells:

 Your Spells              Type           Power        Failure   Level  Hunger
a - Beastly Appendage     Tmut           ##....       6%          1    #......
b - Sticks to Snakes      Tmut           ##......     9%          2    ###....
c - Spider Form           Tmut/Pois      #.........   34%         3    ###....

Your spell library contained the following spells:

 Spells                   Type           Power        Failure   Level  Hunger
 Ice Form                 Ice/Tmut       #.......     75%         4    #####..
 Blade Hands              Tmut           ##........   86%         5    ######.


Dungeon Overview and Level Annotations

Branches:
Dungeon (3/15)

Altars:
Okawaru

Annotations:
D:3 Grinder


Innate Abilities, Weirdness & Mutations

You have extremely sharp teeth.
Your natural rate of healing is unusually fast.
When hurt, damage is shared between your health and your magic reserves.
Your bite disrupts and absorbs the magic of your enemies.
Potions cannot restore your health.
You are immune to rotting.


Message History

Confirm with . or Enter, or press ? or * to list all spells.
You don't have enough magic to cast that spell.
Grinder drinks a potion.
Grinder suddenly seems more agile.
You miss Grinder. Your bite misses Grinder.
Grinder is heavily wounded.
Grinder gestures at you. You resist with significant effort.
You miss Grinder. You bite Grinder, but do no damage.
Grinder is heavily wounded.
Grinder hits you.
You writhe in agony.
You miss Grinder. Your bite misses Grinder.
Grinder is heavily wounded.
Grinder hits you!
* * * LOW HITPOINT WARNING * * *
You writhe in agony.
* * * LOW HITPOINT WARNING * * *
You closely miss Grinder.
Grinder is heavily wounded.
Grinder hits you!
You die...

.. .# . . .#. ...
#.# #+# #.# #.#
#.# #.# #@# ##.##
#5#
####.<.#########.#
.........5.......#
###....#.#########
#.#.##.# ........#
....#.#### #####.#


You could see Grinder.

Vanquished Creatures
  An adder (D:2)
  3 worms (D:2)
  A dart slug (D:1)
  A leopard gecko (D:1)
  2 giant cockroaches
  7 hobgoblins
  5 jackals
  5 kobolds
  A ball python (D:1)
  5 bats
  3 frilled lizards
  7 goblins
  4 rats
45 creatures vanquished.

Notes
Turn   | Place    | Note
-------+----------+-------------------------------------------
     0 | D:1      | Ivernyr the Vine Stalker Transmuter began the quest for the
                  | Orb.
     0 | D:1      | Reached XP level 1. HP: 9/9 MP: 4/4
    56 | D:1      | Reached skill level 1 in Fighting
   248 | D:1      | Reached XP level 2. HP: 11/14 MP: 3/6
   252 | D:1      | Learned a level 2 spell: Sticks to Snakes
   720 | D:1      | Reached XP level 3. HP: 12/18 MP: 4/7
  1045 | D:1      | Learned a level 3 spell: Spider Form
  1531 | D:2      | Found an iron altar of Okawaru.
  1691 | D:2      | Gained mutation: Your natural rate of healing is unusually
                  | fast. [Vine Stalker growth]
  1691 | D:2      | Reached XP level 4. HP: 7/22 MP: 9/9
  1998 | D:3      | Noticed Grinder
  2020 | D:3      | Paralysed by Grinder for 2 turns
  2023 | D:3      | HP: 1/22 [Grinder (2)]
  2046 | D:3      | Mangled by Grinder

Skill      XL: |  1  2  3 |
---------------+----------+-----
Fighting       | 1 |  1.3
Dodging        | 2 |  2.1
Transmutations | 3 |  3.2
Unarmed Combat | |  3.1
Spellcasting   | |  2.7

Action                   |  1- 3 |  4- 6 || total
-------------------------+-------+-------++-------
Melee: Unarmed           |   134 |    21 ||   155
       Bite              |    32 |     2 ||    34
       Headbutt          |     8 |     2 ||    10
       Punch             |     1 |       ||     1
 Cast: Beastly Appendage |     7 |     1 ||     8
       Spider Form       |       |     2 ||     2
 Stab: Distracted        |     1 |       ||     1
  Eat: Chunk             |     2 |       ||     2
       Ration            |       |     1 ||     1
Armor: Robe              |    35 |     1 ||    36
Dodge: Dodged            |    53 |     5 ||    58
